 Seeded DCSS version 0.27.0-65-ge2af304b15 (webtiles) character file.

Game seed: 2339979216251921566 (custom seed)

20869 nicksoapdish the Severer (level 12, -7/110 HPs)
             Began as a Minotaur Fighter on Aug 18, 2021.
             Was a High Priest of Qazlal.
             Killed by divine providence
             ... invoked by a meliai
              (15 damage)
             ... on level 12 of the Dungeon.
             The game lasted 00:36:41 (10039 turns).

nicksoapdish the Severer (Minotaur Fighter)        Turns: 10039, Time: 00:36:41

Health: -7/110     AC: 15    Str: 25    XL:     12   Next: 49%
Magic:  11/11      EV:  9    Int:  5    God:    Qazlal [*****.]
Gold:   420        SH: 21    Dex: 17    Spells: 11/11 levels left

rFire    + . .     SeeInvis .   a - +0 war axe
rCold    + + +     Faith    .   r - +2 shield of Resistance {rF++ rC++ Will++}
rNeg     . . .     Spirit   .   y - +0 ice dragon scales
rPois    +         Reflect  .   (helmet restricted)
rElec    .         Harm     .   (no cloak)
rCorr    .         Rampage  .   (no gloves)
Will     ++...                  e - +0 pair of boots
Stlth    ..........             j - amulet of regeneration
HPRegen  1.28/turn              D - +6 ring of dexterity
MPRegen  0.12/turn              A - ring of poison resistance

@: mighty, repel missiles
A: horns 2, retaliatory headbutt
a: Renounce Religion, Upheaval, Elemental Force, Disaster Area


You were on level 12 of the Dungeon.
You worshipped Qazlal.
Qazlal was extremely pleased with you.
You visited 2 branches of the dungeon, and saw 13 of its levels.

You collected 516 gold pieces.
You spent 96 gold pieces at shops.

Inventory:

Hand Weapons
 a - a +0 war axe (weapon)
 b - a +2 vorpal hunting sling
Missiles
 o - 3 curare-tipped darts (quivered)
 H - 34 sling bullets
Armour
 e - a +0 pair of boots (worn)
 r - the +2 shield of Resistance (worn) {rF++ rC++ Will++}
   (You found it on level 4 of the Dungeon)

   rF:        It greatly protects you from fire.
   rC:        It greatly protects you from cold.
   Will:      It greatly increases your willpower.
 y - +0 ice dragon scales (worn)
Jewellery
 c - an amulet of the acrobat
 j - an amulet of regeneration (around neck)
 t - a +4 ring of evasion
 v - an amulet of reflection
 A - a ring of poison resistance (right hand)
 D - a +6 ring of dexterity (left hand)
Wands
 w - a wand of paralysis (9)
 B - a wand of flame (20)
 E - a wand of mindburst (38)
 G - a wand of iceblast (20)
 L - a wand of polymorph (13)
Scrolls
 f - 6 scrolls of teleportation
 g - 3 scrolls of vulnerability
 h - 2 scrolls of blinking
 i - 3 scrolls of noise {unknown}
 k - 3 scrolls of immolation
 l - 2 scrolls of torment
 m - a scroll of enchant weapon
 p - 2 scrolls of magic mapping
 q - a scroll of brand weapon {unknown}
 u - a scroll of fear {unknown}
 z - 2 scrolls of enchant armour {unknown}
 C - a scroll of holy word {unknown}
Potions
 d - a potion of might
 n - a potion of cancellation
 s - a potion of curing
 x - a potion of mutation
 F - a potion of lignification {unknown}
 I - a potion of flight
 J - a potion of ambrosia
 N - a potion of magic {unknown}


   Skills:
 * Level 11.0 Fighting
 * Level 16.1 Axes
 - Level 1.1 Slings
 * Level 11.6 Armour
 + Level 10.6 Shields
 + Level 1.3 Evocations


You had 11 spell levels left.
You didn't know any spells.
Your spell library contained the following spells:

 Spells                   Type           Power      Damage    Failure   Level
 Animate Skeleton         Necr           0%         N/A       91%         1
 Pain                     Necr           0%         1d4       91%         1
 Sandblast                Erth           0%         2d4       91%         1
 Passwall                 Tmut/Erth      0%         N/A       97%         2
 Conjure Flame            Conj/Fire      0%         6-21      99%         3
 Dazzling Flash           Conj/Hex       0%         N/A       99%         3
 Gell's Gravitas          Tloc           0%         N/A       99%         3
 Ignite Poison            Fire/Tmut/Pois 0%         N/A       99%         3
 Lesser Beckoning         Tloc           0%         N/A       99%         3
 Teleport Other           Tloc           0%         N/A       99%         3
 Vampiric Draining        Necr           0%         2d6       99%         3
 Animate Dead             Necr           0%         N/A       100%        4
 Petrify                  Tmut/Erth      0%         N/A       100%        4
 Sticky Flame             Conj/Fire      0%         2d3       100%        4
 Summon Ice Beast         Ice/Summ       0%         N/A       100%        4
 Agony                    Necr           0%         N/A       100%        5
 Borgnjor's Vile Clutch   Necr/Erth      0%         N/A       100%        5
 Excruciating Wounds      Necr           0%         N/A       100%        5
 Freezing Cloud           Conj/Ice/Air   0%         6-21      100%        5
 Lee's Rapid Deconstruct  Erth           0%         3d5*      100%        5
 Metabolic Englaciation   Hex/Ice        0%         N/A       100%        5
 Silence                  Hex/Air        0%         N/A       100%        5
 Summon Mana Viper        Hex/Summ       0%         N/A       100%        5
 Death Channel            Necr           0%         N/A       100%        6
 Simulacrum               Ice/Necr       0%         N/A       100%        6
 Statue Form              Tmut/Erth      0%         N/A       100%        6
 Monstrous Menagerie      Summ           0%         N/A       100%        7
 Polar Vortex             Ice            0%         N/A       100%        9


Dungeon Overview and Level Annotations

Branches:
Dungeon (12/15)            Temple (1/1) D:5            Lair (0/6) D:8
    Orc (0/2) D:12

Altars:
Cheibriados
Elyvilon
Fedhas
Gozag
Makhleb
Nemelex Xobeh
Qazlal
Ru
Sif Muna
Trog
Wu Jian
Yredelemnul
The Shining One

Shops:
D:7 ?   D:11 (


Innate Abilities, Weirdness & Mutations

You have a pair of horns on your head.
You reflexively headbutt those who attack you in melee.


Message History

You block the killer bee's attack.
The meliai calls down the wrath of its god upon you.
Something smites you!
* * * LOW HITPOINT WARNING * * *
The meliai closely misses you. The meliai stings you.
* * * LOW HITPOINT WARNING * * *
The killer bee stings you but does no damage.
You feel better. You block the killer bee's attack.
You block the meliai's attack.
The meliai stings you but does no damage.
The killer bee stings you!
* * * LOW HITPOINT WARNING * * *
You block the meliai's attack. The meliai stings you.
* * * LOW HITPOINT WARNING * * *
You miss the meliai. Your headbutt misses the meliai.
The meliai is heavily wounded.
You miss the killer bee. The killer bee barely misses you.
You furiously retaliate!
You headbutt the killer bee!
The meliai calls upon its god to heal the killer bee.
The killer bee is healed somewhat.
You block the killer bee's attack. The meliai hits you with a +0 hand axe!
* * * LOW HITPOINT WARNING * * *
The meliai barely misses you.
You feel better.
The meliai invokes the aid of its god against you.
Something smites you!
* * * LOW HITPOINT WARNING * * *
The killer bee is engulfed in blazing flames.
The killer bee stings you but does no damage.
The killer bee is engulfed in blazing flames.
You kill the killer bee!
Qazlal accepts your kill.
You can now call upon nature's wrath in a wide area around you.
You block the meliai's attack. x2
Blink to where?
Press: ? - help, Dir - move target
As you read the scroll of blinking, it crumbles to dust.
The meliai calls down the wrath of its god upon you.
Something smites you!
You die...

.############### ...
#..# ...............##
†.yyy###..#
##############..#
.yyyyy.††.# # #.##
########†.# #
#.#######.###†.# #
#######†#.y..y...))..#
#
#......†#.###....†#..#
#.......#.# #.#.###..#
#.......☼@###.#.# #..#
#........§<.....# #..#
........#.###.### #..#
..........# #.# #.##
...######## #.# .# ...
#.# .. #.# #.# ...


You could see a meliai.

Vanquished Creatures
  4 two-headed ogres
  Urug (D:12)
  Nergalle (D:11)
  A slime creature (D:12)
  5 skeletal warriors (D:12)
  2 ugly things
  A manticore (D:11)
  2 centaur zombies (D:11)
  Psyche (D:12)
  A gargoyle (D:8)
  2 unseen horrors
  2 meliai (D:12)
  3 trolls
  Prince Ribbit (D:7)
  A queen bee (D:12)
  A shadow (D:10)
  A vampire (D:12)
  A wyvern (D:8)
  Eustachio (D:5)
  A wraith (D:9)
  16 yaks
  A steam dragon (D:8)
  2 acid dragons
  4 water moccasins
  A black bear (D:5)
  3 ice beasts
  A hornet zombie (D:8)
  8 orc warriors
  A sky beast (D:7)
  A necrophage (D:6)
  2 ogres
  2 wolves (D:8)
  A phantom (D:5)
  9 centaurs
  4 kobold brigands
  A gnoll sergeant (D:12)
  2 scorpions
  4 bullfrogs
  A wyvern zombie (D:8)
  A water moccasin skeleton (D:5)
  5 wights (D:6)
  25 killer bees
  4 electric eels
  A howler monkey (D:10)
  A jelly (D:6)
  A centaur skeleton (D:7)
  5 hounds
  6 orc priests
  3 bullfrog skeletons (D:6)
  2 iguanas
  8 orc wizards
  2 howler monkey zombies
  4 adders
  6 gnolls
  3 white imps
  An ufetubus (D:4)
  3 worms
  2 dart slugs
  37 orcs
  4 ball pythons
  6 bats
  11 endoplasms
  4 giant cockroaches
  9 goblins
  7 hobgoblins
  9 jackals
  16 kobolds
  2 quokkas
  4 frilled lizards
  6 rats
295 creatures vanquished.

Vanquished Creatures (others)
  A withered plant (D:9)
1 creature vanquished.

Grand Total: 296 creatures vanquished

Notes
Turn   | Place    | Note
-------+----------+-------------------------------------------
     0 | D:1      | nicksoapdish the Minotaur Fighter began the quest for the
                  | Orb.
     0 | D:1      | Reached XP level 1. HP: 19/19 MP: 0/0
   204 | D:1      | Reached XP level 2. HP: 27/27 MP: 1/1
   429 | D:1      | Found a faded altar of an unknown god.
   461 | D:1      | Reached skill level 3 in Axes
   900 | D:2      | Reached XP level 3. HP: 33/33 MP: 2/2
  1868 | D:3      | Reached skill level 4 in Axes
  1868 | D:3      | Reached XP level 4. HP: 33/40 MP: 3/3
  2015 | D:3      | Found an opulent altar of Gozag.
  2292 | D:3      | Found a snail-covered altar of Cheibriados.
  2504 | D:4      | Found the +2 shield of Resistance {rF++ rC++ Will++}
  2645 | D:4      | Reached XP level 5. HP: 44/46 MP: 4/4
  3038 | D:4      | Reached skill level 5 in Axes
  3085 | D:5      | Entered Level 5 of the Dungeon
  3139 | D:5      | Noticed an ice beast
  3141 | D:5      | Noticed a water moccasin
  3145 | D:5      | Killed an ice beast
  3146 | D:5      | Reached skill level 6 in Axes
  3146 | D:5      | Reached XP level 6. HP: 52/53 MP: 5/5
  3147 | D:5      | Killed a water moccasin
  3154 | D:5      | Reached skill level 7 in Axes
  3154 | D:5      | Reached skill level 5 in Shields
  3157 | D:5      | Reached XP level 7. HP: 60/60 MP: 6/6
  3159 | D:5      | Reached skill level 5 in Armour
  3238 | D:5      | Found a staircase to the Ecumenical Temple.
  3249 | Temple   | Entered the Ecumenical Temple
  3267 | Temple   | Became a worshipper of Qazlal Stormbringer
  3538 | D:5      | Reached skill level 5 in Fighting
  3578 | D:5      | Noticed Eustachio
  3602 | D:5      | Killed Eustachio
  3603 | D:5      | Reached skill level 8 in Axes
  3613 | D:5      | Found a blossoming altar of Fedhas.
  3902 | D:6      | Reached XP level 8. HP: 58/68 MP: 7/7
  3960 | D:6      | Reached skill level 9 in Axes
  4203 | D:6      | Reached skill level 10 in Axes
  4362 | D:6      | Reached * piety under Qazlal
  4370 | D:6      | Reached XP level 9. HP: 36/75 MP: 8/8
  4506 | D:7      | Noticed Prince Ribbit
  4512 | D:7      | Killed Prince Ribbit
  4616 | D:7      | Reached skill level 11 in Axes
  4862 | D:7      | Found Caco's Magic Scroll Emporium.
  4884 | D:7      | Bought a scroll of identify for 24 gold pieces
  4884 | D:7      | Bought a scroll of identify for 24 gold pieces
  4884 | D:7      | Bought a scroll of identify for 24 gold pieces
  4884 | D:7      | Bought a scroll of identify for 24 gold pieces
  4959 | D:7      | Noticed a moth of wrath
  4962 | D:7      | Found a bloodstained altar of Trog.
  5052 | D:7      | Found a sacrificial altar of Ru.
  5405 | D:8      | Noticed a gargoyle
  5435 | D:8      | Killed a gargoyle
  5438 | D:8      | Reached skill level 12 in Axes
  5498 | D:8      | Noticed a troll
  5515 | D:8      | Killed a troll
  5524 | D:8      | Reached XP level 10. HP: 88/88 MP: 9/9
  5781 | D:8      | Reached ** piety under Qazlal
  6072 | D:8      | Found a staircase to the Lair.
  6526 | D:9      | Found a basalt altar of Yredelemnul.
  6887 | D:9      | Reached skill level 13 in Axes
  6895 | D:9      | Found an ornate altar of the Wu Jian Council.
  7150 | D:9      | Reached skill level 1 in Slings
  7295 | D:10     | Entered Level 10 of the Dungeon
  7394 | D:10     | Found a burning altar of Makhleb.
  7491 | D:10     | Noticed a two-headed ogre
  7498 | D:10     | Killed a two-headed ogre
  7578 | D:10     | Reached *** piety under Qazlal
  7578 | D:10     | Noticed a purple ugly thing
  7582 | D:10     | Noticed a two-headed ogre
  7592 | D:10     | Killed a two-headed ogre
  7593 | D:10     | Reached XP level 11. HP: 96/97 MP: 10/10
  7595 | D:10     | Killed a purple ugly thing
  7927 | D:11     | Noticed a white ugly thing
  7942 | D:11     | Killed a white ugly thing
  7943 | D:11     | Reached skill level 14 in Axes
  7958 | D:11     | Reached skill level 1 in Evocations
  7988 | D:11     | Reached skill level 10 in Armour
  8615 | D:11     | Found Laarph Joupri's Antique Weapon Shoppe.
  8680 | D:11     | Reached skill level 10 in Fighting
  8705 | D:11     | Found a shimmering blue altar of Sif Muna.
  8755 | D:12     | Noticed Psyche
  8762 | D:12     | Killed Psyche
  8763 | D:12     | Noticed Nergalle
  8836 | D:12     | Noticed Urug
  8969 | D:12     | Noticed a two-headed ogre
  8978 | D:12     | Killed a two-headed ogre
  8979 | D:12     | Reached skill level 15 in Axes
  9059 | D:12     | Noticed a two-headed ogre
  9064 | D:12     | Noticed a skeletal warrior
  9065 | D:12     | Killed a two-headed ogre
  9067 | D:12     | Noticed a skeletal warrior
  9097 | D:12     | Killed a skeletal warrior
  9110 | D:12     | Killed a skeletal warrior
  9110 | D:12     | Reached **** piety under Qazlal
  9111 | D:12     | Reached XP level 12. HP: 49/107 MP: 11/11
  9181 | D:11     | Killed Nergalle
  9182 | D:11     | Reached skill level 10 in Shields
  9347 | D:12     | Killed Urug
  9385 | D:12     | Found a staircase to the Orcish Mines.
  9947 | D:12     | Reached skill level 16 in Axes
 10035 | D:12     | HP: 3/110 [meliai/divine providence (16)]
 10035 | D:12     | Reached ***** piety under Qazlal
 10039 | D:12     | Killed from afar by a meliai

Illustrated notes

Levels and vault maps discovered:
D:1:      dpeg_arrival_tiny_a, layout_loops_corners,
          ebering_ecumenical_altar_mist
D:2:      layout_basic
D:3:      layout_loops_ring, mainiacjoe_overflow_small_starburst,
          cheibriados_altar_1, minmay_misc_feat_diagonals
D:4:      layout_loops_ring
D:5:      layout_gridville, fedhas_altar_fruit_tree,
          minmay_temple_entry_stoned_glass, uniq_eustachio
D:6:      layout_rooms, solitary_fountain, kennysheep_generic_room_2
D:7:      layout_loops_ring, mainiacjoe_overflow_chevrons, tgw_trog,
          serial_shops, nicolae_shop_trees, grunt_ministairs_4, fountainhead,
          kennysheep_generic_room_9, uniq_prince_ribbit1
D:8:      minmay_angry_zag, layout_rooms, erik_lair_island
D:9:      layout_irregular_city, lemuel_tele_altar, yredelemnul_altar_generic,
          nicolae_underground_beach
D:10:     layout_rooms, bloody_makhleb
D:11:     layout_gridville, serial_shops,
          nicolae_shop_temple_entry_statues_fountains, led_sif_pool
D:12:     layout_basic, orc_0_dummy, special_room [special_room_bee],
          uniq_psyche, uniq_urug, uniq_nergalle
Temple:   jpeg_temple_clearing

Skill      XL: |  1  2  3  4  5  6  7  8  9 10 11 12 |
---------------+-------------------------------------+-----
Axes           | 3 4 6 7 8 10 12 13 15 16 | 16.1
Shields        | 4 5 6 7 8 9 10 | 10.6
Fighting       | 4 5 6 7 9 10 11 | 11.0
Armour         | 4 5 7 8 9 10 11 | 11.6
Slings         | 1 |  1.1
Evocations     | 1 |  1.3

Action                   |  1- 3 |  4- 6 |  7- 9 | 10-12 || total
-------------------------+-------+-------+-------+-------++-------
Melee: War axe           |   112 |    93 |   245 |   564 ||  1014
       Headbutt          |    12 |    16 |    36 |   149 ||   213
 Fire: Hunting sling     |       |       |     3 |     5 ||     8
Evoke: Wand              |       |       |       |    21 ||    21
  Use: Scroll            |       |     2 |     7 |     7 ||    16
       Potion            |       |     1 |     2 |     7 ||    10
Armor: Scale mail        |    48 |       |       |       ||    48
       Leather armour    |    13 |     1 |       |       ||    14
       Chain mail        |       |    34 |    52 |       ||    86
       Ice dragon scales |       |       |    18 |   134 ||   152
Dodge: Dodged            |    34 |    27 |    79 |    88 ||   228
Block: Kite shield       |    61 |    77 |   154 |   431 ||   723
